Description

Mass army until we defend.

Replay - ZvP vs Twilight

Build Order

Get SALT Encoding   

  12  0:00  Drone  
  13  0:09  Drone  
  14  0:17  Overlord  
  14  0:23  Extractor, Drone  15th drone cancel
  15  0:35  Drone  
  16  0:42  Spawning Pool  
  15  0:44  Drone x2  
  17  1:08  Hatchery  
  17  1:10  Drone  
  17  1:25  Extractor  
  16  1:29  Zergling x6  
  16  1:32  Queen  
  21  1:40  Overlord  
  21  1:59  Drone x2  
  22  2:08  Queen  
  25  2:13  Drone  
  26  2:21  Queen  
  32  2:37  Metabolic Boost  
  36  3:02  Hatchery  
  36  3:16  Overlord  
  36  3:21  Overlord  
  36  3:32  Lair, Queen  (spores if unsure what he's doing)
  44  3:50  Roach Warren, Extractor  38 drones in total
  44  4:10  Spore Crawler x3  (in case of DT's)
Spawning Tool Build Advisor. Get it on Overwolf

Analysis

I may update it after some time, because there's still no full description. The "example" is more of an inspiration rather than an example.

Go to:

Details

  • Created by: HontoNoGaikan
  • Published on: Oct 11, 2025
  • Modified on: Oct 11, 2025
  • Patch: 5.0.11
  • Difficulty: Easy
Show
View Real Time Build Order
Export as new Build Order

Comments (0)

There are no comments. Be the first!

Create an account to comment!